 Dungeon Crawl Stone Soup version 0.19.0-19-g8c6edcc (webtiles) character file.

1033 Unsubtle the Cleaver (level 8, -12/87 HPs)
             Began as a Demonspawn Berserker on Nov 16, 2016.
             Was a Priest of Trog.
             Mangled by an orc warrior
             ... wielding a +0 trident
              (13 damage)
             ... on level 5 of the Dungeon.
             The game lasted 00:08:45 (4630 turns).

Unsubtle the Cleaver (Demonspawn Berserker)         Turns: 4630, Time: 00:08:45

Health: -12/87     AC:  5    Str: 23      XL:     8   Next: 3%
Magic:  8/8        EV: 12    Int: 11 (13) God:    Trog [***...]
Gold:   259        SH:  3    Dex: 13 (14) Spells: 0 memorised, 7 levels left

rFire  . . .     SeeInvis .     a - +0 hand axe
rCold  . . .     Gourm    .     x - +0 scale mail
rNeg   . . .     Faith    .     (no shield)
rPois  .         Spirit   .     z - +0 helmet
rElec  .         Reflect  +     i - +0 cloak
rCorr  .         Harm     .     (no gloves)
MR     .....                    (no boots)
Stlth  ..........               v - +3 amulet of reflection
                                (no ring)
                                w - ring of wizardry

@: berserking, very quick
A: talons 1, repulsion field 1, agile 1, clever 1, deformed body, high mp 1,
evolution 1
a: Berserk, Trog's Hand, Burn Spellbooks, Renounce Religion


You were on level 5 of the Dungeon.
You worshipped Trog.
Trog was most pleased with you.
You were not hungry.

You visited 1 branch of the dungeon, and saw 5 of its levels.

You collected 329 gold pieces.
You spent 70 gold pieces at shops.

Inventory:

Hand Weapons
 a - a +0 hand axe (weapon)
 C - a +3 battleaxe of chopping
Armour
 b - a +0 animal skin
 e - a +2 buckler
 i - a +0 cloak (worn)
 x - a +0 scale mail (worn)
 z - a +0 helmet (worn)
Jewellery
 v - a +3 amulet of reflection (around neck)
 w - a ring of wizardry (left hand)
 y - an uncursed ring of ice
Scrolls
 k - a scroll of enchant armour {unknown}
 n - 5 scrolls of remove curse
 q - 5 scrolls of identify {unknown}
 r - a scroll of magic mapping {unknown}
 s - a scroll of noise {unknown}
 u - 3 scrolls of amnesia {unknown}
Potions
 g - 2 potions of heal wounds
 m - a potion of brilliance
 p - a potion of agility
Books
 t - a book of the Earth

   Spells                             Type                      Level
   a - Leda's Liquefaction            Hexes/Earth                  4
   b - Bolt of Magma                  Conjuration/Fire/Earth       5
   c - Statue Form                    Transmutation/Earth          6
   d - Iron Shot                      Conjuration/Earth            6
   e - Shatter                        Earth                        9
   Trog disapproves of the use of such an item.
Comestibles
 c - a bread ration
 f - a royal jelly
 l - a beef jerky
 o - 5 meat rations


   Skills:
 - Level 3.0 Fighting
 + Level 9.0 Axes
 - Level 1.7 Armour
 - Level 1.7 Dodging


You had 7 spell levels left.
You didn't know any spells.

Dungeon Overview and Level Annotations

Branches:
Dungeon (5/15)             Temple (0/1) D:4

Altars:
Qazlal

Shops:
D:4 (   D:5 *


Innate Abilities, Weirdness & Mutations

You have sharp toenails.
You are surrounded by a mild repulsion field. (EV +2)
You are agile. (Dex +2)
Your mind is acute. (Int +2)
Armour fits poorly on your strangely shaped body.
You have an increased reservoir of magic. (+10% MP)
You evolve.


Message History

Your kick misses the orc warrior.
The orc warrior hits you with a trident!
You hit the orc warrior but do no damage.
A jelly comes into view.
The jelly quivers.
You hit the orc warrior but do no damage.
You claw the orc warrior, but do no damage.
The orc warrior hits you with a trident!
You hit the orc warrior but do no damage.
Your kick misses the orc warrior.
The orc warrior hits you with a trident!
* * * LOW HITPOINT WARNING * * *
You are too injured to fight recklessly!
A red film seems to cover your vision as you go berserk!
You feel yourself moving faster!
You feel mighty!
You feel a lot more hungry.
The orc warrior hits you with a trident!
* * * LOW HITPOINT WARNING * * *
You hit the orc warrior but do no damage.
The orc warrior hits you with a trident!
You die...

..#.. #........# ###.......##
##....##.. ##...........#
#######.. ..............##
##... ................##
###.... .................##
##...### ..................#
###..###
..................######...##
...............o@........###
#.................####..##
##.............(..# ##..#
#..........J.....# #..##
##................# #..#
#..#.......<..(...###..#
..###............###..## ###
###.......######..# #
##†#.#### #...#


You could see an orc warrior and a jelly.

Vanquished Creatures
  The ghost of Gottschkopf the Fighter, a novice MiFi (D:5)
  An ice beast (D:4)
  2 ogres
  A scorpion (D:4)
  A quasit (D:5)
  Crazy Yiuf (D:2)
  An orc priest (D:4)
  A jelly (D:5)
  An orc wizard (D:4)
  2 worker ants
  A howler monkey zombie (D:5)
  A howler monkey skeleton (D:5)
  7 adders
  2 oozes
  2 worms (D:4)
  A dart slug (D:4)
  4 leopard geckos
  8 orcs
  3 giant cockroaches
  7 goblins
  A hobgoblin (D:2)
  10 jackals
  A quokka (D:4)
  A ball python (D:3)
  6 bats
  5 kobolds
  6 rats
  A fungus (D:2)
79 creatures vanquished.

Vanquished Creatures (others)
  A kobold (D:2)
1 creature vanquished.

Grand Total: 80 creatures vanquished

Notes
Turn   | Place    | Note
-------+----------+-------------------------------------------
     0 | D:1      | Unsubtle the Demonspawn Berserker began the quest for the Orb.
     0 | D:1      | Reached XP level 1. HP: 18/18 MP: 1/1
   139 | D:1      | Reached skill level 3 in Axes
   489 | D:1      | Gained mutation: You are surrounded by a mild repulsion field. (EV +2) [demonic ancestry]
   489 | D:1      | Reached XP level 2. HP: 24/24 MP: 2/2
   859 | D:2      | Found a stormy altar of Qazlal.
  1026 | D:2      | Gained mutation: You have sharp toenails. [demonic ancestry]
  1026 | D:2      | Reached XP level 3. HP: 16/29 MP: 3/3
  1465 | D:2      | Found a runed door.
  1470 | D:2      | Noticed Crazy Yiuf
  1475 | D:2      | Killed Crazy Yiuf
  1475 | D:2      | Reached skill level 4 in Axes
  1540 | D:3      | Reached XP level 4. HP: 35/35 MP: 4/4
  1607 | D:3      | Reached ** piety under Trog
  1766 | D:3      | Reached skill level 5 in Axes
  2218 | D:4      | Reached XP level 5. HP: 17/41 MP: 5/5
  2499 | D:4      | Noticed an ice beast
  2506 | D:4      | Killed an ice beast
  2506 | D:4      | Reached skill level 6 in Axes
  2596 | D:4      | Reached XP level 6. HP: 27/47 MP: 6/6
  3193 | D:4      | Found Qoreeh's Weapon Boutique.
  3275 | D:4      | Found a staircase to the Ecumenical Temple.
  3338 | D:4      | Reached skill level 7 in Axes
  3768 | D:5      | Entered Level 5 of the Dungeon
  3793 | D:5      | Reached XP level 7. HP: 37/52 MP: 7/7
  3889 | D:5      | Reached *** piety under Trog
  4062 | D:5      | Identified a scroll of acquirement
  4171 | D:5      | Found Medogiz's General Store.
  4221 | D:5      | Noticed Gottschkopf's ghost (novice MiFi)
  4303 | D:5      | Bought 2 potions of mutation for 70 gold pieces
  4303 | D:5      | Gained mutation: You evolve. [potion of mutation]
  4303 | D:5      | Gained mutation: Your mind is acute. (Int +2) [potion of mutation]
  4304 | D:5      | Gained mutation: Armour fits poorly on your strangely shaped body. [potion of mutation]
  4304 | D:5      | Gained mutation: You have an increased reservoir of magic. (+10% MP) [potion of mutation]
  4304 | D:5      | Gained mutation: You are agile. (Dex +2) [potion of mutation]
  4430 | D:5      | Killed Gottschkopf's ghost
  4430 | D:5      | Reached skill level 9 in Axes
  4430 | D:5      | Reached XP level 8. HP: 58/58 MP: 8/8
  4629 | D:5      | HP: 1/87 [orc warrior/trident (15)]
  4630 | D:5      | Mangled by an orc warrior

Skill      XL: |  1  2  3  4  5  6  7 |
---------------+----------------------+-----
Axes           | 3 4 5 6 7 9 |  9.0
Fighting       | |  3.0
Armour         | |  1.7
Dodging        | |  1.7

Action                   |  1- 3 |  4- 6 |  7- 9 || total
-------------------------+-------+-------+-------++-------
Melee: Hand axe          |    82 |   193 |    81 ||   356
       Kick              |    10 |    54 |    21 ||    85
Invok: Berserk           |     1 |     3 |     3 ||     7
  Use: Scroll            |     1 |       |     1 ||     2
       Potion            |     1 |     2 |    10 ||    13
  Eat: Chunk             |     1 |     6 |     2 ||     9
       Pizza             |     1 |       |       ||     1
       Bread ration      |       |     1 |     1 ||     2
Armor: Animal skin       |    12 |    21 |       ||    33
       Scale mail        |       |     8 |    29 ||    37
Dodge: Dodged            |    58 |   128 |    46 ||   232
Block: Other             |       |     9 |     8 ||    17
